 Dungeon Crawl Stone Soup version 0.26-b1-32-g5d43845318 (webtiles) character file.

Game seed: 9959563900788746444

5950 Borgoz the Carver (level 10, -2/86 HPs)
             Began as a Ghoul Fighter on Jan 13, 2021.
             Was a Believer of Ashenzari.
             Slain by a shadow (7 damage)
             ... on level 10 of the Dungeon.
             The game lasted 00:14:50 (10777 turns).

Borgoz the Carver (Ghoul Fighter)                  Turns: 10777, Time: 00:14:50

Health: -2/86      AC: 14    Str: 21    XL:     10   Next: 84%
Magic:  9/9        EV: 11    Int:  3    God:    Ashenzari [**....]
Gold:   452        SH: 10    Dex: 11    Spells: 9/9 levels left

rFire    + + .     SeeInvis .   a - +0 long sword (vamp)
rCold    + . .     Faith    .   c - +0 kite shield
rNeg     + + +     Spirit   .   d - +3 scale mail {Will+}
rPois    ∞         Reflect  .   (no helmet)
rElec    .         Harm     .   s - +0 cloak
rCorr    .         Rampage  .   o - +1 pair of gloves
Will     +....                  (no boots)
Stlth    ..........             (no amulet)
HPRegen  0.00/turn              k - ring of protection from fire
MPRegen  0.11/turn              j - ring of protection from fire

@: no status effects
A: claws 1, cold resistance 1, negative energy resistance 3, inhibited
regeneration, torment resistance, unbreathing
a: Renounce Religion, Curse Item, Scrying


You were on level 10 of the Dungeon.
You worshipped Ashenzari.
Ashenzari was pleased with you.
You visited 2 branches of the dungeon, and saw 11 of its levels.

You collected 452 gold pieces.

Inventory:

Hand Weapons
 a - a +0 vampiric long sword (weapon)
Armour
 c - a +0 kite shield (worn)
 d - a +3 scale mail of willpower (worn)
 f - the +2 robe "Zuygh" {*Drain Will+ Stlth+}
   (You found it on level 7 of the Dungeon)

   It affects your willpower, your defense against some magical effects.
   It causes draining when unequipped.
   It makes you more stealthy.
 o - a +1 pair of gloves (worn)
 q - a +2 scale mail of fire resistance
 s - a +0 cloak (worn)
Jewellery
 e - a +6 ring of intelligence
 j - a ring of protection from fire (right hand)
 k - a ring of protection from fire (left hand)
 p - the cursed necklace of Bloodlust {*Rage +Rage Will++ Int-3 Slay+6 *Curse}
   (You found it on level 5 of the Dungeon)

   [amulet of nothing]

   It affects your intelligence (-3).
   It affects your accuracy and damage with ranged weapons and melee attacks
   (+6).
   It affects your willpower, your defense against some magical effects.
   It lets you go berserk.
   It may make you go berserk in combat.
   It curses itself when equipped.
   It has a curse placed upon it.
Wands
 r - a wand of paralysis (3)
 t - a wand of disintegration (23)
Scrolls
 b - 2 scrolls of fog
 i - 8 scrolls of teleportation
 l - 5 scrolls of remove curse
 m - 3 scrolls of fear
 n - 2 scrolls of enchant armour
 v - a scroll of enchant weapon
 w - a scroll of magic mapping
Potions
 g - a potion of brilliance
 h - 2 potions of resistance
 u - 3 potions of haste


   Skills:
 + Level 7.5 Fighting
 * Level 8.4 Long Blades
 + Level 6.3 Armour
 * Level 8.0 Dodging
 - Level 5.0 Shields


You had 9 spell levels left.
You didn't know any spells.
Your spell library contained the following spells:

 Spells                   Type           Power        Failure   Level
 Animate Skeleton         Necr           0%           99%         1
 Apportation              Tloc           0%           99%         1
 Corona                   Hex            0%           99%         1
 Summon Small Mammal      Summ           0%           99%         1
 Beastly Appendage        Tmut           Unusable     N/A         1
 Wereblood                Tmut           Unusable     N/A         2
 Spider Form              Tmut/Pois      Unusable     N/A         3
 Ice Form                 Ice/Tmut       Unusable     N/A         4
 Blade Hands              Tmut           Unusable     N/A         5

Dungeon Overview and Level Annotations

Branches:
Dungeon (10/15)            Temple (1/1) D:4            Lair (0/6) D:8
    Orc (0/2) D:10

Altars:
Ashenzari
Cheibriados
Dithmenos
Elyvilon
Fedhas
Gozag
Hepliaklqana
Kikubaaqudgha
Makhleb
Nemelex Xobeh
Okawaru
Qazlal
Ru
Sif Muna
Trog
Uskayaw
Vehumet
Wu Jian
Xom
Yredelemnul
Zin
The Shining One

Shops:
D:6 =


Innate Abilities, Weirdness & Mutations

You thrive by killing the living.
You are immune to poison.
You have sharp fingernails.
Your flesh is cold resistant. (rC+)
You are immune to negative energy. (rN+++)
You do not regenerate when monsters are visible.
You are immune to unholy pain and torment.
You can survive without breathing.


Message History

You slash the orc zombie!
You destroy the orc zombie!
A goblin zombie comes into view.
The more cursed you are, the more Ashenzari will now support your skills.
The shadow slips into darkness.
The shadow flickers and vanishes!
Deactivating autopickup; reactivate with Ctrl-A.
You are too injured to fight recklessly!
The orc zombie hits you but does no damage.
You slash the orc zombie!
You destroy the orc zombie!
The shadow strikes at you from the darkness!
* * * LOW HITPOINT WARNING * * *
Reactivating autopickup.
The goblin zombie closely misses you. The shadow misses you.
The goblin zombie hits you but does no damage.
Okay, then.
You closely miss the shadow. The shadow hits you!
You die...

............
...∩...8...#
...........#### ######
...........#..# #.....
8.....8....#..# #.....
...........#..# #.....
...8.......#..# #.....
###....@Z..#..#####.....
........W..#..........##
........................
########################


You could see a shadow and a goblin zombie.

Vanquished Creatures
  Pikel (Temple)
  Maggie (D:8)
  Sigmund (D:6)
  A shadow (D:10)
  5 yaks (D:10)
  2 ice beasts
  5 orc warriors
  2 sky beasts
  5 ogres
  2 centaurs
  7 bullfrogs
  3 killer bees (D:10)
  4 scorpions
  A troll zombie (D:10)
  2 howler monkeys
  3 centaur zombies
  3 hounds
  2 jellies
  Crazy Yiuf (D:2)
  A bullfrog skeleton (D:6)
  10 orc priests
  13 orc wizards
  2 iguanas
  6 worker ants
  A killer bee zombie (D:6)
  3 ogre zombies (D:10)
  2 hound skeletons (D:4)
  A worker ant zombie (D:6)
  A howler monkey skeleton (D:4)
  9 adders
  4 shadow imps
  3 white imps
  2 ufetubi
  2 oozes
  2 adder skeletons
  An adder zombie (D:6)
  A worm (D:3)
  3 dart slugs
  7 leopard geckos
  41 orcs
  2 ball pythons
  3 bats
  7 giant cockroaches
  7 goblins
  8 hobgoblins
  11 jackals
  4 quokkas
  3 frilled lizards
  2 goblin skeletons (D:10)
  2 hobgoblin skeletons (D:10)
  2 hobgoblin zombies (D:10)
  3 jackal skeletons
  6 kobolds (D:1)
  An orc skeleton (D:10)
  8 orc zombies (D:10)
  A quokka skeleton (D:4)
  10 rats
246 creatures vanquished.

Vanquished Creatures (others)
  An orc warrior (D:8)
  3 bullfrogs (D:8)
  2 iguanas (D:8)
  An adder (D:8)
  An adder zombie (D:8)
  3 bushes (D:6)
  15 fungi (D:8)
  23 plants
49 creatures vanquished.

Grand Total: 295 creatures vanquished

Notes
Turn   | Place    | Note
-------+----------+-------------------------------------------
     0 | D:1      | Borgoz the Ghoul Fighter began the quest for the Orb.
     0 | D:1      | Reached XP level 1. HP: 19/19 MP: 0/0
   101 | D:1      | Reached XP level 2. HP: 24/26 MP: 1/1
   241 | D:1      | Reached skill level 1 in Dodging
   647 | D:2      | Reached XP level 3. HP: 29/31 MP: 2/2
  1019 | D:2      | Reached XP level 4. HP: 34/40 MP: 3/3
  1142 | D:2      | Found a runed translucent door.
  1143 | D:2      | Noticed Crazy Yiuf
  1190 | D:2      | Found a glowing golden altar of the Shining One.
  1727 | D:2      | Killed Crazy Yiuf
  1728 | D:2      | Reached XP level 5. HP: 21/46 MP: 4/4
  2216 | D:3      | Reached XP level 6. HP: 46/52 MP: 5/5
  2705 | D:4      | Found a staircase to the Ecumenical Temple.
  2720 | Temple   | Entered the Ecumenical Temple
  2825 | Temple   | Became a worshipper of Ashenzari the Shackled
  2886 | D:4      | Noticed Pikel
  3425 | Temple   | Killed Pikel
  3426 | Temple   | Reached XP level 7. HP: 46/60 MP: 6/6
  3550 | D:4      | Reached XP level 8. HP: 32/67 MP: 7/7
  3570 | D:4      | Reached skill level 5 in Fighting
  3603 | D:4      | Found an iron altar of Okawaru.
  3968 | D:5      | Entered Level 5 of the Dungeon
  4008 | D:5      | Reached skill level 5 in Long Blades
  4395 | D:5      | Found the cursed necklace of Bloodlust {*Rage +Rage Will++
                  | Int-3 Slay+6 *Curse}
  5464 | D:6      | Noticed Sigmund
  5477 | D:6      | Killed Sigmund
  5519 | D:6      | Reached skill level 5 in Dodging
  5543 | D:6      | Reached XP level 9. HP: 67/74 MP: 8/8
  5789 | D:6      | Found a white marble altar of Elyvilon.
  5951 | D:6      | Found Ynuemiw's Jewellery Emporium.
  5961 | D:6      | Found a blossoming altar of Fedhas.
  6208 | D:5      | HP: 1/75 [orc warrior/+0 quarterstaff (15)]
  6555 | D:6      | Reached skill level 5 in Armour
  6780 | D:6      | Reached skill level 5 in Shields
  7084 | D:7      | Found a radiant altar of Vehumet.
  7297 | D:7      | Reached * piety under Ashenzari
  7311 | D:7      | Got the uncursed robe "Zuygh" {*Drain Will+ Stlth+}
  7914 | D:8      | Noticed Maggie
  7935 | D:8      | Killed Maggie
  7943 | D:8      | Reached XP level 10. HP: 38/84 MP: 9/9
  8315 | D:8      | Found a staircase to the Lair.
  8441 | D:8      | Found a shimmering altar of Xom.
  8627 | D:8      | Noticed a two-headed ogre
 10080 | D:10     | Entered Level 10 of the Dungeon
 10286 | D:10     | Found a staircase to the Orcish Mines.
 10286 | D:10     | Noticed an orc sorcerer
 10287 | D:10     | Noticed a sixfirhy
 10665 | D:10     | HP: 2/86 [killer bee (7)]
 10770 | D:10     | Reached ** piety under Ashenzari
 10777 | D:10     | Slain by a shadow

Illustrated notes

Levels and vault maps discovered:
D:1:      ebering_trefoil_twist, layout_basic
D:2:      layout_basic, nicolae_tso_swordbearing_angel, uniq_crazy_yiuf_cottage
D:3:      layout_rooms
D:4:      layout_cave_pools, minmay_temple_entry_gardened_gates,
          okawaru_metal_pillars_1_2, uniq_pikel
D:5:      layout_loops_corners
D:6:      layout_rooms, kennysheep_mini, serial_shops, shop_statue,
          fedhas_bush_and_centaur_altar, uniq_sigmund
D:7:      layout_basic, lemuel_altar_in_water
D:8:      layout_loops_ring, grunt_lair_entry_orc_guard_hut,
          xom_confusion_cloud, uniq_maggie
D:9:      layout_cave_pods
D:10:     layout_stronghold, zombieorc1_lemuel, enter_bailey_6
Temple:   compressed_dpeg_circular_temple

Skill      XL: |  1  2  3  4  5  6  7  8  9 10 |
---------------+-------------------------------+-----
Long Blades    | 2 3 4 5 7 8 |  8.4
Dodging        | 1 2 3 5 6 8 |  8.0
Armour         | 3 4 5 6 |  6.3
Shields        | 3 4 5 |  5.0
Fighting       | 4 5 6 7 |  7.5

Action                   |  1- 3 |  4- 6 |  7- 9 | 10-12 || total
-------------------------+-------+-------+-------+-------++-------
Melee: Long sword        |   104 |   152 |   470 |   435 ||  1161
Evoke: Wand              |       |       |     1 |       ||     1
  Use: Scroll            |     5 |     2 |     8 |     4 ||    19
       Potion            |       |     4 |     7 |     1 ||    12
 Stab: Paralysed         |       |       |     3 |       ||     3
Armor: Ring mail         |    45 |   101 |   155 |       ||   301
       Scale mail        |     2 |       |    38 |   180 ||   220
Dodge: Dodged            |    47 |   104 |   264 |   193 ||   608
Block: Kite shield       |    52 |   104 |   260 |   222 ||   638
       Rpst.: Long sword |    16 |    36 |    91 |    50 ||   193
